Map: Lerilak Crest

Players

MorN - Winner!

  • Race: Terran Terran

Lolterzard

  • Race: Protoss Protoss
  • League: Bronze

VOD

Have the link to the VOD?

Description

Time

  • Played on: Nov. 9, 2015, 7:13 p.m.
  • Length: 10:54
Show
View Real Time Build Order
Export as new Build Order

MorN Terran - Winner!

Build Orders: Command Center First (CC), MMM Bio 

Get SALT Encoding   

  12  0:01  SCV  
  13  0:13  SCV  
  14  0:17  Supply Depot  
  14  0:25  SCV  
  15  0:38  SCV  
  16  0:51  SCV  
  17  1:03  Command Center  
  17  1:08  SCV  
  18  1:15  Barracks  
  18  1:23  SCV  
  19  1:28  Barracks  
  19  1:39  Barracks  
  19  1:43  SCV  
  20  1:58  SCV, Refinery  
  21  2:03  Marine  
  22  2:11  SCV  
  22  2:15  Marine  
  23  2:19  Orbital Command  
  24  2:23  Orbital Command  
  24  2:26  Marine  
  24  2:29  Marine  
  26  2:35  Marine  
  27  2:42  Supply Depot  
  28  2:46  Barracks Reactor  
  28  2:47  SCV  
  28  2:50  SCV  
  29  2:54  Marine  
  30  2:59  SCV, Marine  
  31  3:08  SCV  
  32  3:13  Refinery  
  32  3:17  Supply Depot  
  31  3:22  SCV  
  31  3:25  Barracks Tech Lab, Marine x3  
  35  3:37  SCV x2  
  37  3:43  Marine  
  37  3:45  Stimpack, Engineering Bay  
  38  3:49  SCV  
  38  3:50  SCV  
  40  4:01  SCV  
  41  4:03  Supply Depot, Marine x2  
  41  4:04  Marauder, Marine  
  41  4:09  SCV  
  46  4:14  SCV  
  47  4:17  Terran Infantry Weapons Level 1  
  47  4:20  Missile Turret  
  47  4:21  SCV  
  48  4:26  SCV, Factory  
  49  4:32  Missile Turret  
  49  4:33  SCV, Barracks Tech Lab  
  49  4:34  Marine  
  49  4:38  SCV, Marauder  
  54  4:45  Supply Depot  
  54  4:50  SCV x2  
  56  4:56  Marine x3  
  56  4:57  Combat Shields  
  59  5:02  SCV, Marauder  
  63  5:07  SCV  
  63  5:09  Supply Depot  
  63  5:11  Starport  
  63  5:13  Refinery  
  63  5:18  Factory Reactor  
  63  5:23  SCV x2  
  63  5:26  Supply Depot, Marauder, Marine x3  
  70  5:32  Supply Depot x2  
  70  5:35  SCV  
  70  5:40  SCV  
  71  5:43  Supply Depot, Marine  
  71  5:47  Marauder, Marine x2  
  76  5:50  SCV  
  64  6:07  SCV  
  64  6:08  Supply Depot  
  66  6:11  SCV  
  66  6:13  Medivac x2  
  66  6:16  Factory Reactor  
  70  6:19  Marine  
  70  6:20  Marauder x2, Marine  
  70  6:21  Command Center  
  70  6:22  SCV  
  77  6:26  Terran Infantry Armor Level 1  
  77  6:28  Supply Depot  
  77  6:30  Concussive Shells  
  77  6:35  SCV, Refinery  
  77  6:37  Supply Depot  
  78  6:41  Marauder  
  78  6:42  SCV  
  81  6:49  Marauder, Marine x2  
  85  6:56  SCV x2  
  85  6:57  Medivac x2  
  91  7:02  Marine  
  91  7:07  Marine  
  91  7:08  Supply Depot  
  91  7:10  Widow Mine x2  
  95  7:17  Marine  
  95  7:18  Marine  
  95  7:20  Marauder  
  95  7:22  Barracks  
  99  7:23  Barracks  
  99  7:25  SCV x2  
  89  7:47  Marine x2  
  89  7:48  Marauder, Marine  
  87  7:52  SCV  
  87  7:53  SCV, Orbital Command  
  87  7:56  Supply Depot, Widow Mine x2  
  93  8:05  SCV x2, Supply Depot, Marine x2  
  94  8:06  Marauder  
  94  8:07  Medivac  
  94  8:08  Medivac  
  94  8:09  Marine  
  94  8:12  Barracks Reactor, Barracks Tech Lab, Engineering Bay  
  104  8:14  Armory  
  104  8:20  SCV x2  
  104  8:23  Supply Depot, Marine x2  
  104  8:24  Widow Mine x2  
  104  8:25  SCV  
  113  8:27  Marauder  
  113  8:28  Marauder  
  106  8:41  Marine x2  
  97  8:42  Marauder  
  97  8:44  Medivac  
  97  8:45  Medivac  
  103  8:48  Marine  
  103  8:49  Marauder  
  103  8:52  Barracks  
  103  8:53  SCV x2  
  103  8:54  Barracks x2  
  103  8:55  Refinery  
  108  8:59  Marine x2  
  108  9:01  Marine x2  
  112  9:03  Marauder  
  112  9:07  Marauder  
  116  9:10  Marauder  
  118  9:24  SCV x2, Marauder  
  120  9:25  Widow Mine x2, Marine x4  
  120  9:26  Medivac x2  
  120  9:28  Marauder  
  136  9:31  Marauder  
  136  9:33  SCV  
  136  9:36  SCV  
  136  9:37  SCV  
  141  9:44  Marine x2  
  141  9:45  Barracks Reactor, Barracks Tech Lab x2  
  137  9:46  Marauder  
  137  9:47  Marine x2  
  137  9:49  Marauder  
  137  9:52  Marine  
  143  9:54  Widow Mine x2  
  143  9:55  Supply Depot  
  148  10:02  Marine x2  
  150  10:07  Marauder  
  150  10:11  Marauder x2  
  153  10:15  Command Center  
  135  10:22  SCV x2  
  135  10:26  Marauder x2, Marine x3  
  138  10:29  Marauder  
Show
View Real Time Build Order
Export as new Build Order

Lolterzard Protoss 

Build Orders: Colossus Rush 

Get SALT Encoding   

  12  0:01  Probe (Chrono Boost)  
  13  0:11  Probe (Chrono Boost)  
  14  0:18  Pylon  
  14  0:22  Probe (Chrono Boost)  
  15  0:36  Probe (Chrono Boost)  
  15  0:38  Gateway  
  16  0:47  Probe (Chrono Boost)  
  16  0:49  Assimilator  
  17  0:57  Probe (Chrono Boost)  
  18  1:07  Pylon  
  18  1:08  Probe (Chrono Boost)  
  20  1:18  Probe (Chrono Boost)  
  20  1:25  Cybernetics Core  
  20  1:29  Probe (Chrono Boost)  
  20  1:32  Zealot  
  23  1:39  Probe (Chrono Boost)  
  24  1:50  Probe (Chrono Boost)  
  25  1:56  Pylon  
  25  2:02  Stalker (Chrono Boost)  
  25  2:03  Warp Gate  
  25  2:05  Probe (Chrono Boost)  
  28  2:16  Probe (Chrono Boost)  
  29  2:28  Probe (Chrono Boost)  
  30  2:32  Nexus  
  30  2:38  Mothership Core (Chrono Boost)  
  32  2:44  Assimilator  
  32  2:57  Probe (Chrono Boost), Pylon  
  33  3:07  Probe (Chrono Boost)  
  34  3:18  Probe (Chrono Boost)  
  33  3:24  Robotics Facility  
  33  3:28  Probe (Chrono Boost)  
  34  3:39  Probe (Chrono Boost)  
  35  3:47  Gateway  
  35  3:48  Gateway  
  35  3:49  Probe x2 (Chrono Boost)  
  35  3:54  Pylon  
  37  3:59  Probe (Chrono Boost)  
  37  4:00  Probe (Chrono Boost)  
  39  4:03  Assimilator  
  39  4:05  Assimilator  
  39  4:08  Probe (Chrono Boost)  
  39  4:10  Probe (Chrono Boost)  
  39  4:11  Observer (Chrono Boost)  
  42  4:19  Probe (Chrono Boost)  
  42  4:20  Sentry, Forge, Pylon  
  42  4:22  Probe (Chrono Boost)  
  46  4:31  Probe (Chrono Boost)  
  47  4:33  Observer  
  47  4:34  Probe (Chrono Boost)  
  49  4:40  Robotics Bay  
  49  4:41  Probe (Chrono Boost)  
  49  4:45  Probe (Chrono Boost)  
  51  4:50  Stalker x2  
  55  4:53  Probe (Chrono Boost)  
  55  4:57  Protoss Ground Armor Level 1 (Chrono Boost)  
  55  4:59  Probe (Chrono Boost)  
  57  5:02  Probe  
  58  5:11  Probe  
  58  5:12  Probe  
  58  5:14  Sentry x2, Zealot  
  66  5:23  Probe x2  
  66  5:25  Pylon  
  68  5:28  Colossus (Chrono Boost)  
  68  5:33  Probe  
  76  5:35  Probe  
  76  5:41  Zealot  
  76  5:57  Zealot x2  
  72  6:04  Extended Thermal Lance (Chrono Boost)  
  72  6:08  Pylon, Zealot  
  74  6:14  Gateway  
  74  6:17  Colossus (Chrono Boost)  
  80  6:24  Stalker x2  
  84  6:34  Protoss Ground Weapons Level 1  
  84  6:45  Photon Cannon  
  84  6:48  Nexus, Photon Cannon  
  84  6:49  Pylon  
  84  6:53  Probe x2  
  86  6:58  Zealot x3  
  88  7:11  Probe x2  
  88  7:15  Colossus (Chrono Boost)  
  88  7:21  Sentry  
  88  7:22  Sentry x2  
  100  7:23  Probe x2  
  91  7:49  Stalker x4  
  97  8:10  Twilight Council  
  97  8:13  Zealot x3, Assimilator  
  97  8:16  Pylon  
  97  8:18  Assimilator  
  97  8:19  Stalker  
  105  8:20  Probe x2  
  91  8:50  Charge (Chrono Boost)  
  91  8:53  Probe x2 (Chrono Boost)  
  91  8:54  Probe (Chrono Boost)  
  94  8:55  Forge  
  94  9:00  Photon Cannon  
  94  9:04  Probe (Chrono Boost)  
  94  9:05  Probe (Chrono Boost)  
  94  9:07  Probe (Chrono Boost)  
  94  9:09  Sentry  
  99  9:10  Stalker x2, Colossus (Chrono Boost)  
  99  9:11  Stalker  
  99  9:14  Probe (Chrono Boost)  
  106  9:19  Probe  
  106  9:20  Probe  
  108  9:36  Gateway  
  108  9:38  Gateway x2  
  108  9:41  Zealot x4  
  116  9:53  Probe x2, Pylon  
  116  9:55  Pylon  
  121  10:27  Nexus  
  121  10:28  Zealot x2  
Tags
 
Add a new tag
Caveats
  • Supply blocks, unpowered buildings, or Contaminate may cause inaccurate times.
  • Supply counts are checked every 10 seconds.